 Dungeon Crawl Stone Soup version 0.28.0-53-g5a82cb258f (webtiles) character file.

Game seed: 6060157601823304374

1767 Peloso the Carver (level 8, 0/70 HPs)
             Began as a Minotaur Fighter on June 30, 2022.
             Slain by a gnoll sergeant
             ... wielding a +2 spear of freezing
              (3 damage)
             ... on level 5 of the Dungeon.
             The game lasted 00:09:25 (5245 turns).

Peloso the Carver (Minotaur Fighter)                Turns: 5245, Time: 00:09:25

Health: 0/70       AC: 12    Str: 20    XL:     8   Next: 80%
Magic:  7/7        EV:  8    Int:  5    God:
Gold:   195        SH:  5    Dex: 13    Spells: 7/7 levels left

rFire   . . .      SeeInvis .   a - +0 long sword
rCold   . . .      Faith    .   c - +0 buckler
rNeg    . . .      Spirit   .   m - +0 chain mail
rPois   .          Reflect  .   (helmet restricted)
rElec   .          Harm     .   (no cloak)
rCorr   .          Rampage  .   h - +0 pair of gloves
Will    .....                   (no boots)
Stlth   ..........              (no amulet)
HPRegen 0.21/turn               (no ring)
MPRegen 0.10/turn               (no ring)

@: no status effects
A: horns 2, retaliatory headbutt
a: no special abilities


You were on level 5 of the Dungeon.
You visited 1 branch of the dungeon, and saw 5 of its levels.
You also visited: Sewer.

You collected 195 gold pieces.

Inventory:

Hand Weapons
 a - a +0 long sword (weapon)
Missiles
 d - 3 throwing nets (quivered)
Armour
 b - a +0 scale mail
 c - a +0 buckler (worn)
 h - a +0 pair of gloves (worn)
 m - a +0 chain mail (worn)
Jewellery
 i - an amulet of the acrobat
 l - a +6 ring of intelligence
 n - a ring of see invisible
 q - a ring of willpower
Wands
 r - a wand of iceblast (9)
 v - a wand of flame (7)
Scrolls
 e - a scroll of teleportation
 f - a scroll of fear {unknown}
 j - 2 scrolls of brand weapon
 o - a scroll of enchant weapon
 p - 2 scrolls of fog
 u - a scroll of holy word {unknown}
Potions
 g - a potion of ambrosia
 k - 3 potions of brilliance
 s - a potion of heal wounds
 t - a potion of haste


   Skills:
 + Level 6.2 Fighting
 + Level 9.2 Long Blades
 + Level 7.7 Armour
 + Level 3.0 Dodging
 + Level 5.7 Shields


You had 7 spell levels left.
You didn't know any spells.
Your spell library contained the following spells:

 Spells                   Type           Power      Damage    Failure   Level
 Apportation              Tloc           0%         N/A       99%         1
 Beastly Appendage        Tmut           0%         N/A       99%         1
 Foxfire                  Conj/Fire      0%         2x1d4     99%         1
 Wereblood                Tmut           0%         N/A       100%        2
 Conjure Flame            Conj/Fire      0%         6-21      100%        3
 Gell's Gravitas          Tloc           0%         N/A       100%        3
 Inner Flame              Hex/Fire       0%         N/A       100%        3
 Lesser Beckoning         Tloc           0%         N/A       100%        3
 Spider Form              Tmut/Pois      0%         N/A       100%        3
 Teleport Other           Tloc           0%         N/A       100%        3
 Flame Wave               Conj/Fire      0%         2d4       100%        4
 Alistair's Intoxication  Tmut/Pois      0%         N/A       100%        5


Dungeon Overview and Level Annotations

Branches:
Dungeon (5/15)              Sewer (visited)
 Temple: D:4-7

Altars:


Innate Abilities, Weirdness & Mutations

You have a pair of horns on your head.
You reflexively headbutt those who attack you in melee.


Message History

The hound bites you. You block the gnoll sergeant's attack.
The gnoll throws a throwing net.
The throwing net hits you.
You become entangled in the net!
Things that are here:
a throwing net; a jackal corpse You tear a large gash into the net.
The hound bites you.
The gnoll sergeant hits you from afar with a +2 spear of freezing.
The gnoll sergeant freezes you. The hound bites you but does no damage.
You struggle against the net.
The hound bites you but does no damage.
The gnoll sergeant hits you from afar with a +2 spear of freezing!
The gnoll sergeant freezes you. The gnoll hits you but does no damage.
You rip the net and break free!
The hound barely misses you. You block the gnoll sergeant's attack.
You block the hound's attack. The gnoll barely misses you.
You see here a jackal corpse.
The hound bites you but does no damage. The hound barely misses you.
You slash the hound!
You kill the hound!
The gnoll throws a throwing net.
You block the throwing net.
Your Dodging skill increases to level 3!
The gnoll sergeant hits you from afar with a +2 spear of freezing!
The gnoll sergeant freezes you. You block the gnoll's attack.
You hit the gnoll. Your headbutt misses the gnoll.
The gnoll is lightly wounded.
The gnoll sergeant closely misses you. The gnoll barely misses you.
You barely miss the gnoll. You headbutt the gnoll!
The gnoll is almost dead.
The gnoll sergeant hits you from afar with a +2 spear of freezing!
The gnoll sergeant freezes you. The gnoll closely misses you.
You hit the gnoll.
You kill the gnoll!
The gnoll sergeant hits you from afar with a +2 spear of freezing!
* * * LOW HITPOINT WARNING * * *
The gnoll sergeant freezes you.
* * * LOW HITPOINT WARNING * * *
The gnoll sergeant hits you with a +2 spear of freezing!
* * * LOW HITPOINT WARNING * * *
The gnoll sergeant freezes you.
You die...

....# #### #...# ##..#
###.....≈ ##..####...#
#.....≈≈≈ ##........##
#....≈≈.. ##..###...#
#....≈... ##.#......##
#........ ##.........##
#........
##...###....#######........
#.............(.@gg....≈..#
...#...[..#..<######...≈.##
...##.....#..(## ##.≈.##
####...(.......# ≈..#
##.#.....##....# #### .≈...
...#....####...###..##.≈...
...............##......≈...
.#..###....##...#......≈g..
##..####..####.........≈≈h.


You could see a gnoll sergeant and a gnoll.

Vanquished Creatures
  Sigmund (D:3)
  Menkaure (D:4)
  Edmund (D:4)
  Pargi (Sewer)
  A sky beast (D:4)
  An ogre (D:3)
  2 gnoll sergeants (D:5)
  A scorpion (D:4)
  2 water moccasin skeletons
  A centaur zombie (D:3)
  6 hounds
  2 orc priests
  A centaur skeleton (D:4)
  A gnoll shaman (D:5)
  Ijyb (D:5)
  3 orc wizards
  A hound skeleton (D:2)
  17 gnolls (D:5)
  A howler monkey skeleton (D:5)
  7 adders
  2 river rats (D:5)
  2 worms (D:5)
  4 dart slugs
  17 orcs
  5 ball pythons
  9 bats
  8 endoplasms
  8 giant cockroaches
  8 goblins
  8 hobgoblins
  12 jackals
  6 quokkas
  3 frilled lizards (D:1)
  4 kobolds
  6 rats
154 creatures vanquished.

Notes
Turn   | Place    | Note
-------+----------+-------------------------------------------
     0 | D:1      | Peloso the Minotaur Fighter began the quest for the Orb.
     0 | D:1      | Reached XP level 1. HP: 19/19 MP: 0/0
   264 | D:1      | Reached XP level 2. HP: 27/27 MP: 1/1
   420 | D:1      | Found a faded altar of an unknown god.
   556 | D:1      | Reached XP level 3. HP: 33/33 MP: 2/2
  1160 | D:2      | Reached skill level 3 in Long Blades
  1320 | D:2      | Reached XP level 4. HP: 40/40 MP: 3/3
  1774 | D:3      | Noticed Sigmund
  1784 | D:3      | Killed Sigmund
  1785 | D:3      | Reached skill level 4 in Long Blades
  1785 | D:3      | Reached skill level 1 in Dodging
  1785 | D:3      | Reached XP level 5. HP: 46/47 MP: 4/4
  1846 | D:3      | Reached skill level 5 in Long Blades
  1907 | D:3      | Reached XP level 6. HP: 37/53 MP: 5/5
  2441 | D:3      | Reached skill level 5 in Armour
  2891 | D:4      | Noticed a sky beast
  2903 | D:3      | Reached skill level 6 in Long Blades
  2914 | D:4      | Killed a sky beast
  2915 | D:4      | Reached skill level 5 in Fighting
  2915 | D:4      | Reached XP level 7. HP: 61/61 MP: 6/6
  3199 | D:4      | Noticed Menkaure
  3205 | D:4      | Killed Menkaure
  3206 | D:4      | Reached skill level 7 in Long Blades
  3206 | D:4      | Reached skill level 5 in Shields
  3482 | D:4      | Noticed Edmund
  3497 | D:4      | Killed Edmund
  3826 | D:4      | Reached XP level 8. HP: 29/68 MP: 7/7
  4065 | D:4      | Reached skill level 8 in Long Blades
  4257 | D:5      | Entered Level 5 of the Dungeon
  4339 | D:5      | Noticed Ijyb
  4349 | D:5      | Killed Ijyb
  4538 | D:5      | HP: 1/70 [gnoll sergeant/+0 trident (8)]
  4616 | D:5      | Found a glowing drain.
  4651 | Sewer    | Entered a sewer
  4888 | Sewer    | Noticed Pargi
  4893 | Sewer    | Killed Pargi
  4894 | Sewer    | Reached skill level 9 in Long Blades
  5245 | D:5      | HP: 3/70 [gnoll sergeant/+2 spear of freezing (12)]
  5245 | D:5      | Slain by a gnoll sergeant

Illustrated notes

Levels and vault maps discovered:
D:1:      giann_horns, layout_basic, basic_ecumenical_altar
D:2:      layout_basic
D:3:      layout_basic, corner_web_ring, uniq_sigmund
D:4:      layout_basic, uniq_menkaure, uniq_edmund
D:5:      minmay_skewed_foursquare, layout_cave_pools, serial_shops, shop,
          nicolae_stop_n_shop_2, serial_gnoll_camp, gnoll_camp_huts_moat,
          gnoll_camp_medium_02, gnoll_camp_mini_doghouse, gnoll_camp_mini_basic,
          portal_sewer_entry_e, hangedman_glass_teeth, minmay_misc_feat_cross,
          corexii_shack, uniq_ijyb

Skill      XL: |  1  2  3  4  5  6  7  8 |
---------------+-------------------------+-----
Armour         | 4 5 6 7 |  7.7
Shields        | 4 5 |  5.7
Fighting       | 4 5 6 |  6.2
Long Blades    | 3 4 5 6 7 9 |  9.2
Dodging        | 1 2 3 |  3.0

Action                   |  1- 3 |  4- 6 |  7- 9 || total
-------------------------+-------+-------+-------++-------
Melee: Long sword        |    90 |    90 |   213 ||   393
       Headbutt          |    11 |    15 |    36 ||    62
  Use: Scroll            |     1 |       |     9 ||    10
       Potion            |     1 |       |     1 ||     2
Armor: Scale mail        |    61 |    20 |       ||    81
       Chain mail        |       |    25 |   128 ||   153
Dodge: Dodged            |    60 |    37 |    88 ||   185
Block: Buckler           |    20 |    17 |    59 ||    96
